 Dungeon Crawl Stone Soup version 0.24-a0-67-ga78bd38 (webtiles) character file.

Game seed: 14202818273366202315

3441 killed the Spear-Bearer (level 9, -1/72 HPs)
             Began as a Black Draconian Berserker on Feb 6, 2019.
             Was an Elder of Trog.
             Succumbed to a killer bee's poison
             ... on level 7 of the Dungeon.
             The game lasted 00:55:10 (7261 turns).

killed the Spear-Bearer (Black Draconian Berserker) Turns: 7261, Time: 00:55:10

Health: -1/72      AC:  8    Str: 24    XL:     9   Next: 77%
Magic:  9/9        EV: 16    Int:  8    God:    Trog [****..]
Gold:   204        SH:  4    Dex: 14    Spells: 8/8 levels left

rFire    + . .     SeeInvis .   q - +2 trident (protect)
rCold    . . .     Gourm    .   (no shield)
rNeg     . . .     Faith    .   (armour unavailable)
rPois    .         Spirit   .   (helmet restricted)
rElec    +         Reflect  +   (no cloak)
rCorr    .         Harm     .   (no gloves)
MR       .....                  r - +0 pair of boots
Stlth    ++........             d - +4 amulet of reflection
HPRegen  0.22/turn              o - +2 ring of strength
MPRegen  0.11/turn              c - +3 ring of dexterity

@: lethally poisoned (-1 -> -15)
A: breathe lightning, unfitting armour, stinger 1, fire resistance 1, frail 1,
sense surroundings 1, electricity resistance, cold-blooded, AC +7
a: Breathe Lightning, Berserk, Trog's Hand, Brothers in Arms, Renounce Religion


You were on level 7 of the Dungeon.
You worshipped Trog.
Trog was greatly pleased with you.
You were not hungry.

You visited 2 branches of the dungeon, and saw 8 of its levels.

You collected 366 gold pieces.
You spent 162 gold pieces at shops.

Inventory:

Hand Weapons
 a - a +0 spear
 n - a +3 spear
 q - a +2 trident of protection (weapon)
 t - a cursed -1 war axe
Armour
 l - a +0 chain mail
 r - a +0 pair of boots (worn)
Jewellery
 c - a +3 ring of dexterity (right hand)
 d - a +4 amulet of reflection (around neck)
 o - a +2 ring of strength (left hand)
Wands
 j - a wand of enslavement (6)
Scrolls
 e - a scroll of fog {unknown}
 f - 2 scrolls of remove curse
 g - a scroll of enchant armour
 h - a scroll of teleportation
 i - a scroll of blinking {unknown}
 k - a scroll of fear {unknown}
 p - a scroll of identify
Potions
 m - a potion of brilliance {unknown}
 s - a potion of curing {unknown}
Comestibles
 b - 6 rations


   Skills:
 + Level 7.8 Fighting
 + Level 10.2 Polearms
 + Level 6.5 Dodging
 + Level 3.8 Stealth


You had 8 spell levels left.
You didn't know any spells.
Your spell library was empty.

Dungeon Overview and Level Annotations

Branches:
Dungeon (7/15)             Temple (1/1) D:7

Altars:
Elyvilon
Fedhas
Kikubaaqudgha
Makhleb
Nemelex Xobeh
Qazlal
Sif Muna
Trog
Uskayaw
Wu Jian
Xom
Yredelemnul

Shops:
D:4 !   D:5 (

Annotations:
D:4 Dowan
D:7 1 runed translucent door


Innate Abilities, Weirdness & Mutations

You can breathe wild blasts of lightning.
Your glossy black scales are hard. (AC +7)
You cannot fit into any form of body armour.
You are resistant to electric shocks. (rElec)
You are cold-blooded and may be slowed by cold attacks.
Your tail ends in a poisonous barb.
Your flesh is heat resistant. (rF+)
You are frail. (-10% HP)
You passively map a small area around you.


Message History

The killer bee is almost dead.
* * * LOW HITPOINT WARNING * * *
You feel sick. The killer bee barely misses you.
The killer bee closely misses you. You block the killer bee's attack.
The killer bee stings you but does no damage.
The killer bee closely misses you. x2; The killer bee stings you.
* * * LOW HITPOINT WARNING * * *
You are more poisoned.
The killer bee poisons you!
Your surroundings suddenly seem different.
* * * LOW HITPOINT WARNING * * *
You feel sick.
* * * LOW HITPOINT WARNING * * *
You feel sick.
* * * LOW HITPOINT WARNING * * *
You feel sick.
* * * LOW HITPOINT WARNING * * *
You feel sick.
A bullfrog comes into view.
You die...

#....##.## ###, *
+.....#... ..#.. , , *
#.....##!# #.# F* ,#
##.....#.###.##.##.#
.###'###......#..#.# ,
y#..'†(.......##.#.# *
.###y###.....[.....##
*
##yy.§y#...........<#
*
#..yy.##........@...#
**
'...y.#.............#,
#....##.#...........#
, *
######..#.....#####.#
* , * .......########
.# * .....###########
., [..............# ,.
, )..............# .#
...............# *,,


You could see a bullfrog (sleeping).

Vanquished Creatures
  Pikel (D:6)
  A hornet (D:7)
  A hippogriff (D:6)
  Edmund (D:6)
  4 soldier ants (D:7)
  A water moccasin (D:7)
  2 orc warriors
  2 ice beasts
  4 ogres
  A centaur (D:6)
  A big kobold (D:7)
  A bullfrog (D:2)
  Blork the orc (D:6)
  The ghost of snetch the Chopper, a weakling MiBe of Trog (D:3)
  A scorpion (D:5)
  2 wights
  A bullfrog zombie (D:6)
  A crimson imp (D:7)
  A jelly (D:7)
  2 centaur skeletons
  3 orc priests
  7 orc wizards
  2 bullfrog skeletons
  An iguana (D:4)
  4 worker ants
  3 gnolls (D:3)
  10 adders
  An adder skeleton (D:5)
  An adder zombie (D:6)
  A dart slug (D:1)
  5 leopard geckos
  17 orcs
  3 giant cockroaches
  11 goblins
  7 hobgoblins
  9 jackals
  A quokka (D:3)
  A ball python (D:1)
  12 bats
  A frilled lizard (D:3)
  A jackal skeleton (D:4)
  A jackal zombie (D:6)
  8 kobolds
  11 rats
151 creatures vanquished.

Vanquished Creatures (others)
  3 slaves (D:6)
  A hound (D:6)
4 creatures vanquished.

Grand Total: 155 creatures vanquished

Notes
Turn   | Place    | Note
-------+----------+-------------------------------------------
     0 | D:1      | killed the Draconian Berserker began the quest for the Orb.
     0 | D:1      | Reached XP level 1. HP: 19/19 MP: 1/1
   224 | D:1      | Reached XP level 2. HP: 21/26 MP: 2/2
   768 | D:1      | Reached ** piety under Trog
  1015 | D:1      | Reached XP level 3. HP: 33/33 MP: 3/3
  1612 | D:2      | Found a stormy altar of Qazlal.
  1614 | D:2      | Noticed an air elemental
  1615 | D:2      | Noticed a water elemental
  1615 | D:2      | Noticed a fire elemental
  1615 | D:2      | Noticed an earth elemental
  1636 | D:2      | Noticed a bullfrog
  1649 | D:2      | Killed a bullfrog
  1649 | D:2      | Reached skill level 4 in Polearms
  1649 | D:2      | Reached XP level 4. HP: 9/40 MP: 4/4
  2568 | D:3      | Reached XP level 5. HP: 34/46 MP: 5/5
  3544 | D:3      | Found a runed translucent gate.
  3544 | D:3      | Found a runed translucent gate.
  3544 | D:3      | Noticed snetch's ghost (weakling MiBe)
  3549 | D:3      | Found a runed translucent gate.
  3568 | D:3      | Killed snetch's ghost
  3568 | D:3      | Reached skill level 1 in Stealth
  3568 | D:3      | Reached XP level 6. HP: 44/53 MP: 6/6
  3646 | D:3      | Reached *** piety under Trog
  3984 | D:4      | Found Sowuocs's Distillery.
  3997 | D:4      | Reached skill level 5 in Polearms
  4049 | D:4      | Gained mutation: You are frail. (-10% HP) [potion of
                  | mutation]
  4049 | D:4      | Gained mutation: You passively map a small area around you.
                  | [potion of mutation]
  4049 | D:4      | Gained mutation: Your tail ends in a poisonous barb.
                  | [potion of mutation]
  4049 | D:4      | Gained mutation: Your flesh is heat resistant. (rF+)
                  | [potion of mutation]
  4108 | D:4      | Noticed Dowan
  4133 | D:5      | Entered Level 5 of the Dungeon
  4527 | D:5      | Noticed an ice beast
  4560 | D:5      | Killed an ice beast
  4560 | D:5      | Your scales start taking on a glossy black colour.
  4560 | D:5      | Reached XP level 7. HP: 53/54 MP: 7/7
  4560 | D:5      | Gained mutation: You are resistant to electric shocks.
                  | (rElec) [Black Draconian growth]
  4568 | D:5      | Reached skill level 5 in Fighting
  4568 | D:5      | Reached skill level 6 in Polearms
  4591 | D:5      | Received a gift from Trog
  4630 | D:5      | Found a hide-covered altar of Uskayaw.
  4933 | D:5      | Found Vepuaff's Antique Weapon Shoppe.
  4937 | D:5      | Bought a glowing trident for 162 gold pieces
  5383 | D:6      | Reached skill level 5 in Dodging
  5383 | D:6      | Reached XP level 8. HP: 56/63 MP: 8/8
  5387 | D:6      | Reached skill level 7 in Polearms
  5579 | D:6      | Noticed Blork the orc
  5583 | D:6      | Killed Blork the orc
  5583 | D:6      | Noticed Edmund
  5616 | D:6      | Killed Edmund
  5828 | D:6      | Noticed Pikel
  5843 | D:6      | Killed Pikel
  5843 | D:6      | Reached skill level 8 in Polearms
  5968 | D:7      | Noticed a hornet
  5970 | D:7      | Reached XP level 9. HP: 68/70 MP: 9/9
  5979 | D:7      | Reached **** piety under Trog
  5985 | D:7      | Paralysed by a hornet for 1 turns
  6378 | D:6      | Reached skill level 9 in Polearms
  6837 | D:7      | Found the +9 staff of Olgreb {rPois}
  6878 | D:7      | Found a staircase to the Ecumenical Temple.
  6888 | Temple   | Entered the Ecumenical Temple
  7059 | D:7      | Found a runed translucent gate.
  7074 | D:7      | Found a runed translucent door.
  7133 | D:7      | Found a runed translucent gate.
  7147 | D:7      | Found a runed translucent gate.
  7161 | D:7      | Found a runed translucent door.
  7197 | D:7      | Reached skill level 10 in Polearms
  7214 | D:7      | Received a gift from Trog
  7259 | D:7      | HP: 3/72 [poisoned by a killer bee]
  7260 | D:7      | HP: 1/72 [poisoned by a killer bee]
  7261 | D:7      | Succumbed to a killer bee's poison

Vault maps used:
D:1:      ebering_trefoil_twist
D:2:      serial_forest, infiniplex_forest_clump_small,
          infiniplex_forest_lined_ring, infiniplex_forest_corner_2,
          infiniplex_forest_zigzag_1, infiniplex_forest_corner_1,
          infiniplex_forest_straight_5, infiniplex_forest_clump_large,
          first_ration, nicolae_qazlal_style_of_elements
D:3:      minmay_wonky_spiral, nicolae_overflow_hidden_temple,
          ebering_ghost_rock_garden, small_statue_intersection,
          grunt_decor_mini_mirrors
D:4:      serial_shops, shop, shop, shop, shop_coins, uniq_duvessa
D:5:      eat_drink_and_be_merry_uskayaw, serial_shops,
          nicolae_shop_behind_doors, chequers_ossuary_entry_cave
D:6:      uniq_blork_the_orc, uniq_edmund, uniq_pikel
D:7:      lemuel_crystal_altar, minmay_temple_entry_drinking_statues,
          minmay_guarded_unrand_staff_of_olgreb
Temple:   regret_index_temple_waves

Skill      XL: |  1  2  3  4  5  6  7  8  9 |
---------------+----------------------------+-----
Dodging        | 3 4 5 6 |  6.5
Fighting       | 4 5 6 7 |  7.8
Polearms       | 4 5 6 8 10 | 10.2
Stealth        | 1 2 3 |  3.8

Action                   |  1- 3 |  4- 6 |  7- 9 || total
-------------------------+-------+-------+-------++-------
Melee: Spear             |   134 |   256 |    37 ||   427
       Tailslap          |     7 |    43 |    46 ||    96
       Trident           |       |       |   252 ||   252
  Use: Scroll            |       |     5 |     5 ||    10
       Potion            |       |     3 |     1 ||     4
 Stab: Distracted        |       |     1 |       ||     1
       Sleeping          |       |       |     2 ||     2
  Eat: Ration            |     1 |     3 |     2 ||     6
Armor: Skin              |    62 |    85 |    98 ||   245
Dodge: Dodged            |   137 |   205 |   241 ||   583
Block: Other             |       |       |    11 ||    11

Table legend:
 A = Non-vault XP
 B = Vault XP
 C = Vault XP percentage of total XP
 D = Non-vault monster count
 E = Vault monster count
 F = Vault count percentage of total count
                 A         B        C        D         E       F
            +---------+---------+-------+---------+---------+-------
      Total |    3043 |    1874 |  38.1 |     132 |      19 |  12.6
            +---------+---------+-------+---------+---------+-------
        D:1 |      42 |       0 |   0.0 |      26 |       0 |   0.0
        D:2 |     140 |       0 |   0.0 |      24 |       0 |   0.0
        D:3 |     134 |      70 |  34.3 |      24 |       4 |  14.3
        D:4 |     124 |       0 |   0.0 |       8 |       0 |   0.0
        D:5 |     695 |       0 |   0.0 |      14 |       0 |   0.0
        D:6 |     973 |     895 |  47.9 |      20 |       3 |  13.0
        D:7 |     935 |     909 |  49.3 |      16 |      12 |  42.9
            +---------+---------+-------+---------+---------+-------
